 Dungeon Crawl Stone Soup version 0.31.0-32-g396128a36d (webtiles) character file.

Game seed: 6922434603053009031

1470 Alphaeus the Ruffian (level 8, -1/67 HPs)
             Began as a Troll Shapeshifter on Mar 19, 2024.
             Was a Priest of Makhleb.
             Slain by a gnoll
             ... wielding a +0 halberd
              (14 damage)
             ... on level 5 of the Dungeon.
             The game lasted 00:03:47 (4202 turns).

Alphaeus the Ruffian (Troll Shapeshifter)           Turns: 4202, Time: 00:03:48

Health: -1/67      AC:  6    Str: 30    XL:     8   Next: 49%
Magic:  9/9        EV: 10    Int:  5    God:    Makhleb [***...]
Gold:   250        SH:  0    Dex: 13    Spells: 7/7 levels left

rFire   . .          .
                       - Unarmed
rCold   . . .        (no shield)
rNeg    + . .        g - +2 robe {rN+}
rPois   .            (helmet currently unavailable)
rElec   .            (cloak currently unavailable)
rCorr   .            (gloves unavailable)
SInv    .            (boots unavailable)
Will    .....        (no amulet)
Stlth   +            s - +6 ring of strength
HPRegen 1.11/turn    (no ring)
MPRegen 0.11/turn

%: no passive effects
@: beast-form
A: beast (slay +3), large, unfitting armour, claws 3, regeneration 1, shaggy fur
1, tough skin 1, agile 1, frail 1
a: Begin Untransformation, Renounce Religion, Minor Destruction, Lesser Servant
of Makhleb


You were on level 5 of the Dungeon.
You worshipped Makhleb.
Makhleb was most pleased with you.
You were a hulking beast.
You visited 1 branch of the dungeon, and saw 5 of its levels.

You collected 250 gold pieces.

Inventory:

Armour
 a - a +0 animal skin
 g - a +2 robe of positive energy (worn)
Jewellery
 l - the ring of Leujee {*Corrode Will++ Int+6}
   (You found it on level 4 of the Dungeon)

   [ring of intelligence]

   Int+6:     It affects your intelligence (+6).
   Will++:    It greatly increases your willpower.
   *Corrode:  It may corrode you when you take damage.
 s - a +6 ring of strength (left claw)
Talismans
 c - a beast talisman
 d - a flux talisman
Wands
 o - a wand of flame (19)
Scrolls
 e - a scroll of fog {unknown}
 f - 2 scrolls of noise {unknown}
 j - 2 scrolls of amnesia {unknown}
 p - 2 scrolls of teleportation {unknown}
 q - 2 scrolls of fear {unknown}
 r - 2 scrolls of identify {unknown}
Potions
 b - 2 potions of lignification
 h - a potion of mutation
 i - a potion of enlightenment {unknown}
 k - a potion of curing
 m - a potion of resistance {unknown}
 n - a potion of ambrosia {unknown}


   Skills:
 + Level 3.5 Fighting
 - Level 1.5 Dodging
 * Level 6.8 Unarmed Combat
 + Level 3.4 Invocations
 * Level 6.4 Shapeshifting


You had 7 spell levels left.
You didn't know any spells.
Your spell library was empty.

Dungeon Overview and Level Annotations

Branches:
Dungeon (5/15)             Temple (0/1) D:4

Altars:
Makhleb
Zin

Annotations:
D:4 1 runed translucent door, Liamsmithers's ghost, novice MiBe


Innate Abilities, Weirdness & Mutations

You are a hulking beast.
Your limbs bulge with bestial killing power. (Slay +3)
You are too large for most types of armour.
You have claws for hands.
Your natural rate of healing is unusually fast.
You are covered in fur. (AC +1)
You have tough skin. (AC +1)
You are agile. (Dex +4, Str/Int -1)
You are frail. (-10% HP)


Message History

You are too injured to fight recklessly!
You are too injured to fight recklessly!
You are too injured to fight recklessly!
You are too injured to fight recklessly!
You are too injured to fight recklessly!
You are too injured to fight recklessly!
You are too injured to fight recklessly!
You are too injured to fight recklessly!
You are too injured to fight recklessly!
You are too injured to fight recklessly!
You are too injured to fight recklessly!
You are too injured to fight recklessly!
You are too injured to fight recklessly!
You scratch the gnoll but do no damage.
You feel sick.
You are no longer poisoned.
The gnoll hits you with a +0 flail!
It was a potion of mutation.
You feel extremely strange.
You feel frail.
You feel strong-willed.
You no longer feel strong-willed.
You feel agile. The gnoll misses you. The gnoll hits you with a +0 flail!
It was a potion of curing.
You feel better.
The gnoll hits you from afar with a +0 halberd.
The gnoll hits you with a +0 flail.
Aiming: Minor Destruction (3% risk of failure)
Press: ? - help, Shift-Dir - straight line, f - gnoll
Aim: a gnoll, wielding a +0 halberd The gnoll writhes in agony.
The gnoll hits you from afar with a +0 halberd.
The gnoll closely misses you.
You completely miss the gnoll. The gnoll barely misses you.
The gnoll hits you but does no damage.
You mangle the gnoll!!
You kill the gnoll!
Makhleb accepts your kill.
You feel better.
The gnoll hits you from afar with a +0 halberd!
* * * LOW HITPOINT WARNING * * *
The gnoll attacks as it pursues you!
The gnoll hits you from afar with a +0 halberd!
You die...

#####
################...#
#..............#...#
'.........))...#...#
#.........))...##'##
....########....h.#
....# #......#
....########....g.#
#..............##)#
'..............#ggg
#..............#$$$#
################$$$#
≈≈≈≈≈≈≈≈≈ #####
≈~~≈≈≈≈≈≈


You could see a gnoll and 2 hobgoblins.

Vanquished Creatures
  Edmund (D:4)
  Duvessa (D:4)
  An ogre (D:4)
  5 kobold brigands (D:5)
  Blork the orc (D:4)
  3 scorpions (D:4)
  Dowan (D:4)
  2 bombardier beetles
  2 hounds
  3 iguanas
  Ijyb (D:4)
  Robin (D:2)
  11 gnolls
  6 adders
  A white imp (D:5)
  2 ribbon worms (D:2)
  3 dart slugs
  An orc (D:4)
  7 endoplasms
  3 giant cockroaches
  15 goblins
  4 hobgoblins
  5 jackals
  42 kobolds
  4 quokkas
  3 ball pythons
  5 bats
  A frilled lizard (D:3)
  4 rats
139 creatures vanquished.

Notes
Turn   | Place    | Note
-------+----------+-------------------------------------------
     0 | D:1      | Alphaeus the Troll Shapeshifter began the quest for the
                  | Orb.
     0 | D:1      | Reached XP level 1. HP: 18/18 MP: 0/0
   256 | D:1      | Reached skill level 1 in Fighting
   304 | D:1      | Reached XP level 2. HP: 27/27 MP: 1/1
   392 | D:1      | Found a faded altar of an unknown god.
   616 | D:1      | Prayed at the altar of an unknown god.
   616 | D:1      | Became a worshipper of Makhleb the Destroyer
   616 | D:1      | Reached * piety under Makhleb
  1361 | D:2      | Reached XP level 3. HP: 30/33 MP: 2/2
  1771 | D:2      | Noticed Robin
  1784 | D:2      | Killed Robin
  1785 | D:2      | Reached XP level 4. HP: 16/41 MP: 3/3
  2024 | D:3      | Reached ** piety under Makhleb
  2025 | D:3      | Reached skill level 1 in Invocations
  2328 | D:4      | Found a runed translucent door.
  2343 | D:4      | Reached XP level 5. HP: 37/49 MP: 4/4
  2399 | D:4      | Found a staircase to the Ecumenical Temple.
  2412 | D:4      | Noticed an ogre
  2412 | D:4      | Noticed Edmund
  2423 | D:4      | Killed an ogre
  2436 | D:4      | Killed Edmund
  2437 | D:4      | Reached XP level 6. HP: 26/57 MP: 6/6
  2475 | D:4      | Identified the ring of Leujee {*Corrode Will++ Int+6}
  2514 | D:4      | Reached skill level 5 in Unarmed Combat
  2672 | D:4      | Reached skill level 5 in Shapeshifting
  2672 | D:4      | Reached XP level 7. HP: 66/66 MP: 7/7
  2774 | D:4      | Noticed Dowan
  2783 | D:4      | Killed Dowan
  2786 | D:4      | Noticed Duvessa
  2795 | D:4      | Killed Duvessa
  2874 | D:4      | Noticed Ijyb
  2881 | D:4      | Killed Ijyb
  3051 | D:4      | Noticed Blork the orc
  3057 | D:4      | Killed Blork the orc
  3486 | D:4      | Noticed Liamsmithers's ghost (novice MiBe)
  3518 | D:5      | Entered Level 5 of the Dungeon
  3646 | D:5      | Found a glowing silver altar of Zin.
  3773 | D:5      | Reached XP level 8. HP: 75/75 MP: 9/9
  3864 | D:5      | Identified the +3 dagger of the Big Fish {protect, rElec
                  | Will+}
  3881 | D:5      | Reached *** piety under Makhleb
  4197 | D:5      | Gained mutation: You are frail. (-10% HP) [potion of
                  | mutation]
  4197 | D:5      | Gained mutation: You are strong-willed. (Will+) [potion of
                  | mutation]
  4197 | D:5      | Lost mutation: You are strong-willed. (Will+) [potion of
                  | mutation]
  4197 | D:5      | Gained mutation: You are agile. (Dex +4, Str/Int -1)
                  | [potion of mutation]
  4202 | D:5      | Slain by a gnoll

Illustrated notes

Levels and vault maps discovered:
D:1:      kilobyte_arrival_exit_the_forest, layout_basic,
          ebering_ecumenical_altar_abandoned, minivault_19
D:2:      layout_loops_ring, uniq_robin
D:3:      layout_rooms
D:4:      layout_basic, minmay_temple_entry_glassed_door,
          ebering_ghost_reflecting_pool, nicolae_hexahallways,
          grunt_decor_clamped, uniq_edmund, uniq_ijyb, uniq_blork_the_orc,
          uniq_duvessa
D:5:      minmay_goblin_kobold_castle, layout_basic, zin_statuary

Skill      XL: |  1  2  3  4  5  6  7  8 |
---------------+-------------------------+-----
Fighting       | 1 2 3 |  3.5
Unarmed Combat | 4 5 6 |  6.8
Invocations    | 1 2 3 |  3.4
Shapeshifting  | 4 5 6 |  6.4
Dodging        | |  1.5

Action                     |  1- 3 |  4- 6 |  7- 9 || total
---------------------------+-------+-------+-------++-------
  Melee: Unarmed           |    84 |    73 |   169 ||   326
         Punch             |     2 |     1 |     8 ||    11
 Invoke: Minor Destruction |       |       |     1 ||     1
    Use: Potion            |       |       |     2 ||     2
   Stab: Sleeping          |     1 |     1 |       ||     2
 Armour: Animal skin       |    16 |       |       ||    16
         Robe              |    45 |    39 |   145 ||   229
  Dodge: Dodged            |    44 |    26 |    79 ||   149
